Map: [ESL] Ancient Cistern

Players

Lambo - Winner!

  • Race: Zerg Zerg
  • Spawn Location: 1:00

Bunny

  • Race: Terran Terran
  • Spawn Location: 7:00

Event: ESL SC2 Masters 2023 Summer (Finals)

VOD

Have the link to the VOD?

Description

Time

  • Played on: June 17, 2023, 10:22 a.m.
  • Length: 21:13

All games in this series

Show
View Real Time Build Order
Export as new Build Order

Lambo Zerg - Winner!

Build Orders: Hatch First 

Get SALT Encoding   

  12  0:00  Drone  
  13  0:12  Overlord  
  13  0:17  Drone  
  14  0:31  Drone x2  
  16  0:47  Hatchery  
  15  0:51  Drone  
  15  0:54  Drone  
  17  0:57  Drone  
  18  1:08  Extractor  
  17  1:12  Spawning Pool  
  17  1:15  Drone  
  17  1:19  Drone  
  18  1:27  Drone  
  19  1:38  Drone  
  20  1:49  Drone  
  21  1:59  Queen x2  
  21  2:00  Zergling x4  
  27  2:09  Drone  
  27  2:10  Overlord  
  28  2:19  Hatchery  
  27  2:24  Drone  
  28  2:32  Drone x2  
  28  2:33  Drone  
  30  2:40  Queen  
  32  2:45  Overlord  
  32  2:48  Metabolic Boost  
  32  2:50  Drone  
  33  2:56  Drone x2  
  35  3:04  Queen  
  37  3:07  Drone x2  
  37  3:11  Drone x3  
  42  3:16  Drone  
  44  3:20  Drone  
  44  3:26  Overlord  
  44  3:28  Overlord  
  44  3:36  Drone  
  44  3:37  Queen  
  44  3:38  Queen  
  44  3:40  Zergling x2  
  50  3:45  Queen  
  50  3:47  Drone x3  
  55  3:49  Drone  
  55  3:52  Overlord  
  55  3:54  Drone  
  57  3:57  Zergling x2  
  57  3:59  Overlord  
  57  4:01  Zergling x4  
  60  4:03  Drone  
  60  4:09  Overlord  
  61  4:14  Drone x3  
  64  4:20  Queen  
  64  4:21  Drone x4  
  70  4:26  Drone  
  70  4:28  Drone  
  72  4:33  Drone  
  72  4:36  Drone  
  73  4:38  Lair  
  73  4:39  Drone  
  73  4:40  Extractor  
  73  4:44  Drone  
  73  4:45  Queen  
  74  4:47  Drone, Hatchery  
  74  4:50  Drone, Baneling Nest  
  74  4:51  Drone  
  74  4:52  Drone  
  78  4:57  Drone x4  
  82  5:01  Extractor  
  82  5:03  Drone  
  81  5:08  Overlord  
  81  5:10  Extractor, Queen  
  81  5:11  Extractor, Overlord  
  82  5:15  Overlord  
  82  5:16  Overlord  
  82  5:18  Overlord  
  82  5:20  Overlord  
  82  5:27  Drone x2  
  82  5:28  Drone  
  85  5:30  Zergling x12, Evolution Chamber  
  85  5:31  Evolution Chamber  
  85  5:33  Zergling x2  
  90  5:37  Zergling x8  
  90  5:38  Baneling  
  90  5:39  Baneling  
  90  5:40  Baneling, Zergling x2  
  90  5:42  Drone  
  96  5:51  Zergling x4  
  96  5:56  Zergling x8  
  102  6:00  Zerg Ground Armor Level 1, Zerg Melee Weapons Level 1  
  102  6:03  Zergling x6  
  103  6:16  Zergling x10  
  108  6:19  Drone x2  
  108  6:20  Hatchery  
  107  6:25  Drone  
  107  6:27  Centrifugal Hooks  
  107  6:32  Drone x2  
  108  6:38  Drone x7  
  115  6:42  Drone x2  
  115  6:43  Extractor  
  115  6:44  Drone x2  
  117  6:47  Overlord  
  117  6:50  Hatchery  
  116  6:58  Overlord x2  
  116  7:00  Hatchery  
  115  7:11  Zergling x12  
  115  7:12  Baneling x7  
  121  7:17  Zergling x10  
  125  7:24  Zergling x4  
  125  7:27  Zergling x2  
  126  7:32  Queen  
  126  7:33  Zergling x6  
  126  7:35  Baneling x8  
  131  7:37  Baneling  
  131  7:38  Zergling x2  
  131  7:43  Zergling x20  
  142  7:54  Zergling x6  
  142  7:58  Zergling x2  
  135  7:59  Baneling x11  
  135  8:00  Zerg Melee Weapons Level 2, Zerg Ground Armor Level 2  
  135  8:02  Infestation Pit  
  135  8:03  Zergling x6  
  135  8:04  Baneling  
  130  8:07  Zergling x4  
  130  8:12  Zergling x18  
  141  8:15  Baneling x2  
  141  8:18  Zergling x4  
  140  8:20  Baneling  
  138  8:27  Zergling x20  
  138  8:33  Zergling x2  
  138  8:34  Zergling x6  
  138  8:38  Hive  
  138  8:39  Queen  
  138  8:40  Queen  
  138  8:41  Drone x2  
  135  8:45  Drone x5  
  136  8:48  Drone x2  
  136  8:49  Drone  
  136  8:52  Drone x3  
  142  8:59  Zergling x6  
  142  9:01  Zergling x2  
  146  9:05  Drone x3  
  146  9:08  Spore Crawler  
  148  9:10  Zergling x14  
  154  9:18  Zergling x4  
  155  9:25  Extractor, Overlord x2  
  155  9:26  Overlord, Zergling x2  
  155  9:31  Overlord  
  155  9:35  Overlord  
  154  9:41  Hatchery  
  154  9:43  Drone x3  
  154  9:44  Drone x5  
  154  9:45  Zergling x22  
  170  9:49  Baneling x4  
  170  9:50  Baneling x2  
  170  9:52  Adrenal Glands  
  170  9:53  Ultralisk Cavern  
  170  9:54  Viper x2  
  173  10:00  Zergling x20  
  173  10:08  Pneumatized Carapace, Overseer  
  171  10:17  Zergling x26  
  184  10:22  Zergling x16  
  184  10:26  Overseer  
  189  10:30  Overlord x2, Baneling x8  
  184  10:37  Drone x5, Spore Crawler  
  184  10:38  Spore Crawler  
  184  10:39  Spore Crawler  
  184  10:40  Overlord  
  186  10:44  Overlord, Overseer  
  186  10:47  Chitinous Plating  
  185  10:52  Baneling x4  
  185  10:53  Zergling x20  
  195  10:58  Hatchery  
  195  11:04  Zergling x22  
  200  11:10  Baneling x9  
  200  11:17  Zergling x12  
  199  11:25  Zergling x14  
  199  11:27  Zergling x12  
  199  11:28  Zergling x2, Overseer  
  199  11:31  Overseer  
  191  11:33  Hatchery  
  191  11:34  Ultralisk  
  191  11:39  Baneling x9  
  196  11:43  Zergling x6  
  196  11:45  Hatchery  
  199  11:52  Overlord  
  199  11:55  Overlord  
  199  11:56  Baneling x5, Zerg Melee Weapons Level 3  
  188  12:01  Zergling x8  
  188  12:02  Zergling x16  
  188  12:06  Zergling x6  
  198  12:10  Baneling x8  
  198  12:13  Zergling x8  
  197  12:19  Zergling x2  
  197  12:20  Zergling x10  
  180  12:27  Ultralisk  
  185  12:30  Zergling x24  
  185  12:32  Overseer  
  197  12:39  Zergling x4  
  197  12:43  Zergling x6  
  199  12:51  Zerg Ground Armor Level 3  
  191  12:52  Zergling x18  
  191  12:53  Baneling  
  191  12:57  Extractor  
  198  12:58  Zergling x6  
  198  13:04  Baneling x7  
  198  13:05  Drone x4  
  200  13:07  Extractor  
  200  13:10  Overseer  
  192  13:15  Zergling x16  
  196  13:21  Zergling x2  
  196  13:22  Zergling x4  
  199  13:36  Zergling x26  
  184  13:42  Hatchery  
  184  13:43  Zergling x10  
  182  13:48  Zergling x14  
  182  13:55  Ultralisk x3  
  187  13:58  Zergling x12  
  187  14:02  Zergling x2  
  188  14:06  Baneling x7  
  188  14:08  Zergling x2  
  188  14:09  Zergling x8  
  190  14:13  Baneling x3  
  190  14:14  Zergling x2  
  190  14:16  Zergling x2  
  192  14:18  Baneling  
  192  14:21  Zergling x8  
  181  14:25  Zergling x2  
  181  14:28  Zergling x2  
  169  14:31  Zergling x8  
  159  14:38  Zergling x12  
  159  14:43  Zergling x10  
  159  14:45  Zergling x2  
  146  14:56  Zergling x12  
  149  15:01  Zergling x2  
  149  15:02  Zergling x8  
  149  15:04  Baneling x11  
  149  15:05  Overseer x2  
  154  15:07  Zergling x16  
  154  15:14  Zergling x10  
  159  15:17  Zergling x2  
  159  15:20  Baneling x6, Ultralisk  
  162  15:26  Zergling x12  
  139  15:30  Ultralisk  
  139  15:34  Zergling x20  
  148  15:41  Zergling x2  
  145  15:43  Zergling x2  
  145  15:45  Zergling x8  
  146  15:51  Zergling x2  
  146  15:54  Queen, Zergling x4  
  146  15:55  Queen  
  146  15:56  Zergling x4  
  129  15:58  Zergling x2  
  129  16:03  Ultralisk  
  121  16:06  Zergling x4  
  121  16:07  Ultralisk  
  121  16:09  Queen  
  126  16:12  Zergling x6  
  126  16:15  Baneling x4  
  126  16:17  Zergling x8  
  126  16:19  Zergling x2  
  126  16:24  Ultralisk  
  128  16:29  Zergling x8  
  128  16:31  Queen x3  
  127  16:34  Zergling x2  
  127  16:37  Zergling x2  
  123  16:40  Zergling x4  
  123  16:44  Queen, Zergling x8  
  117  16:50  Ultralisk, Zergling x2  
  116  16:54  Zergling x2  
  116  16:55  Zergling x2  
  116  16:59  Zergling x2  
  116  17:00  Zergling x6  
  121  17:04  Zergling x4  
  121  17:05  Baneling x3  
  121  17:06  Queen  
  121  17:07  Queen x2, Zergling x2  
  125  17:13  Zergling x6  
  121  17:15  Zergling x2  
  121  17:19  Ultralisk  
  121  17:20  Queen  
  129  17:23  Zergling x6  
  129  17:24  Baneling x2  
  129  17:27  Zergling x4  
  129  17:28  Queen  
  136  17:30  Hatchery  
  136  17:32  Zergling x2  
  136  17:34  Zergling x4  
  136  17:35  Baneling x4  
  136  17:36  Zergling x2  
  139  17:40  Zergling x2  
  138  17:44  Zergling x6  
  138  17:49  Zergling x4  
  134  17:52  Zergling x6  
  134  17:53  Queen  
  134  17:54  Queen  
  141  18:00  Zergling x8  
  141  18:01  Baneling  
  141  18:02  Baneling x3  
  141  18:03  Zergling x4  
  138  18:08  Zergling x4  
  138  18:10  Zergling x2  
  138  18:11  Queen  
  138  18:12  Ultralisk  
  145  18:18  Zergling x4  
  137  18:29  Zergling x20  
  137  18:32  Zergling x4  
  149  18:37  Zergling x2  
  149  18:38  Zergling x2  
  142  18:43  Zergling x4  
  138  18:53  Zergling x16  
  136  18:56  Zergling x6  
  136  19:02  Zergling x4  
  130  19:09  Hatchery, Ultralisk  
  121  19:12  Zergling x4  
  119  19:19  Zergling x2  
  111  19:29  Zergling x2  
  111  19:30  Zergling x4  
  113  19:32  Baneling x5  
  113  19:40  Zergling x6  
  113  19:41  Baneling x5  
  109  19:47  Overseer  
  109  19:48  Zergling x4  
  109  19:52  Zergling x2  
  112  19:57  Zergling x4  
  109  20:02  Ultralisk  
  110  20:07  Zergling x12  
  110  20:10  Zergling x2  
  110  20:11  Zergling x2  
  110  20:13  Zergling x4  
  120  20:15  Zergling x2  
  119  20:21  Zergling x6  
  119  20:26  Zergling x2  
  113  20:30  Zergling x2  
  114  20:36  Zergling x4  
  114  20:40  Zergling x2  
  114  20:42  Zergling x2  
  110  20:49  Zergling x4  
  114  20:50  Overseer  
  114  20:53  Baneling x4  
  114  20:54  Zergling x2  
  115  20:57  Hatchery  
Show
View Real Time Build Order
Export as new Build Order

Bunny Terran 

Build Orders: Reaper Expand 

Get SALT Encoding   

  12  0:00  SCV  
  13  0:12  SCV  
  14  0:17  Supply Depot  
  14  0:24  SCV  
  15  0:39  SCV  
  15  0:40  Barracks  
  15  0:42  Refinery  
  16  0:51  SCV  
  17  1:03  SCV  
  18  1:15  SCV  
  19  1:27  Orbital Command, Reaper  
  20  1:38  Command Center  
  20  1:47  Supply Depot  
  20  1:52  SCV  
  21  1:59  Marine  
  22  2:04  SCV  
  22  2:06  Factory  
  23  2:16  SCV  
  23  2:19  Barracks Reactor  
  24  2:28  SCV  
  25  2:36  Command Center  
  25  2:41  SCV  
  26  2:50  Orbital Command  
  26  2:54  SCV  
  26  2:57  Barracks  
  27  3:03  Hellion  
  29  3:06  SCV  
  29  3:07  Hellion  
  29  3:10  Barracks Tech Lab  
  32  3:19  SCV x2  
  34  3:25  Hellion  
  36  3:29  Stimpack, Hellion, Marine  
  36  3:31  SCV  
  40  3:34  SCV  
  41  3:43  SCV  
  41  3:44  Refinery  
  41  3:46  Starport, SCV  
  41  3:47  Marine  
  44  3:50  Orbital Command  
  44  3:54  Marine x2  
  46  3:56  SCV  
  46  3:59  SCV  
  48  4:04  Supply Depot  
  48  4:05  Factory Reactor  
  48  4:08  SCV  
  49  4:10  Marine  
  49  4:11  SCV  
  49  4:12  Marine  
  49  4:14  Marine  
  53  4:20  SCV  
  53  4:22  Supply Depot  
  53  4:23  SCV  
  55  4:28  Marine  
  55  4:29  Supply Depot  
  55  4:30  Marine  
  57  4:31  Marine  
  57  4:37  SCV x2  
  60  4:38  Orbital Command  
  60  4:41  Refinery  
  60  4:44  Refinery  
  60  4:46  Marine  
  60  4:47  Supply Depot  
  60  4:48  Marine  
  60  4:49  Marine  
  60  4:50  SCV x2  
  65  4:52  Medivac  
  65  4:53  Medivac  
  65  4:57  Supply Depot  
  69  5:02  SCV  
  69  5:03  SCV  
  69  5:06  Marine x2  
  73  5:07  Marine  
  73  5:10  SCV  
  75  5:20  SCV x2  
  75  5:21  Engineering Bay  
  77  5:22  Barracks, Engineering Bay, Combat Shield, SCV  
  77  5:27  Marine x3  
  81  5:33  Medivac x2  
  81  5:34  SCV x3  
  88  5:38  Supply Depot  
  88  5:46  SCV x3  
  88  5:49  Factory Tech Lab  
  91  5:53  Terran Infantry Weapons Level 1  
  91  5:55  Barracks  
  91  5:56  Barracks  
  91  5:59  Marine x3  
  91  6:03  SCV x2  
  96  6:08  Siege Tank  
  99  6:12  SCV  
  99  6:15  SCV x2  
  102  6:19  Barracks Reactor  
  102  6:22  Marine x3  
  102  6:25  Command Center  
  103  6:30  Medivac x2  
  107  6:33  Terran Infantry Armor Level 1  
  107  6:39  SCV  
  102  6:40  SCV x2, Siege Tank, Marine x2  
  102  6:42  Refinery  
  102  6:43  Supply Depot  
  102  6:44  Barracks Reactor, Supply Depot x2  
  107  6:50  Barracks Reactor  
  107  6:51  Marine  
  108  6:54  SCV  
  108  6:59  Marine x2  
  108  7:00  SCV x2  
  113  7:01  Marine  
  113  7:02  Marine, Armory  
  115  7:08  Marine  
  115  7:12  Siege Tank  
  115  7:14  Supply Depot x2  
  119  7:16  Liberator  
  119  7:17  Marine x2  
  119  7:19  Marine  
  125  7:25  SCV x2  
  125  7:27  SCV, Marine x2  
  125  7:28  Marine x3  
  133  7:31  Marine  
  133  7:35  Marine, Factory  
  135  7:46  Marine x3  
  135  7:47  Marine x4  
  135  7:49  Marine  
  143  7:54  SCV x3, Marine  
  118  8:04  Marine x7  
  116  8:07  Marine  
  116  8:12  Marine  
  121  8:21  Factory Reactor  
  121  8:22  Drilling Claws, Marine x6  
  121  8:23  Terran Infantry Weapons Level 2, Widow Mine  
  125  8:28  Medivac x2  
  107  8:34  Marine  
  107  8:35  Marine x2  
  107  8:39  SCV x3  
  107  8:40  Marine x4  
  105  8:42  Marine x2  
  105  8:48  Widow Mine  
  105  8:51  SCV x3  
  108  9:02  Widow Mine x2  
  112  9:05  SCV x3  
  112  9:09  Widow Mine, Terran Infantry Armor Level 2  
  116  9:24  Widow Mine x2  
  118  9:29  Marine x4  
  118  9:30  Marauder, Marine x4  
  128  9:33  Planetary Fortress  
  128  9:34  SCV x2  
  128  9:36  Barracks x3  
  128  9:37  Widow Mine  
  132  9:44  SCV  
  133  9:46  SCV x2  
  133  9:47  Marine x2  
  133  9:48  Widow Mine x2  
  133  9:51  Marauder  
  143  9:54  Marine  
  143  9:55  Marine x5  
  143  9:58  Widow Mine  
  151  10:05  Marine x2  
  151  10:10  Widow Mine x2  
  151  10:12  Marine x2  
  151  10:13  Marine x5  
  162  10:17  SCV x3  
  162  10:19  SCV  
  162  10:20  Widow Mine  
  166  10:23  Marine  
  166  10:24  Barracks Tech Lab  
  166  10:25  Barracks Tech Lab x2  
  167  10:30  Medivac x2  
  167  10:35  Widow Mine x2, Marauder  
  170  10:37  Marine  
  170  10:38  Marine  
  172  10:46  Widow Mine, Marine x4  
  172  10:49  Marauder  
  180  10:59  Marauder  
  180  11:00  Marauder  
  180  11:15  Medivac x2  
  180  11:16  Widow Mine x3, Marauder x2  
  174  11:20  Marauder  
  174  11:21  Marine x5  
  174  11:22  Marine x2  
  174  11:23  Marauder  
  174  11:24  Marine  
  174  11:34  Terran Infantry Weapons Level 3  
  174  11:37  Widow Mine x2, Marauder  
  180  11:44  Widow Mine, Marine x2, Marauder x2  
  180  11:45  Marine x2  
  188  11:49  Concussive Shells  
  188  11:55  Marine  
  188  12:00  Marine x2  
  188  12:01  Widow Mine  
  188  12:03  Marauder, Medivac  
  188  12:05  Marine x2  
  188  12:20  Marine x2  
  188  12:21  Marine x4, Medivac, Marauder  
  179  12:22  Marine  
  180  12:31  Terran Infantry Armor Level 3  
  180  12:37  Refinery  
  180  12:39  Command Center  
  180  12:42  Marine x4, Medivac, Marauder x2  
  188  13:18  Barracks  
  188  13:19  Barracks  
  188  13:30  Marine x2  
  188  13:33  Marine x3  
  188  13:34  Marine x4  
  188  13:35  Widow Mine  
  188  13:36  Marine x2  
  188  13:37  Widow Mine, Medivac  
  188  13:38  Widow Mine  
  188  13:39  Medivac  
  187  13:43  Marauder  
  187  13:48  Marine, Marauder  
  166  13:51  Marine x3  
  166  13:52  Marine x3  
  166  13:53  Marauder  
  166  13:54  Marine, Marauder  
  141  13:57  Widow Mine  
  141  13:58  Widow Mine  
  145  14:04  Marauder  
  145  14:05  Marine  
  145  14:08  Barracks Tech Lab  
  145  14:09  Marine x4, Barracks Tech Lab  
  150  14:10  Marine x3  
  150  14:11  Marine  
  150  14:13  Marine  
  150  14:14  Medivac x2  
  150  14:15  Marauder  
  161  14:23  Marine  
  154  14:24  Orbital Command  
  154  14:25  Marine  
  154  14:26  Marine x2  
  154  14:27  Widow Mine x2, Marine x3, Marauder  
  154  14:28  Marine  
  154  14:29  Marine  
  166  14:32  Marauder  
  166  14:37  Marauder  
  153  14:41  Marine  
  153  14:43  Marauder  
  153  14:44  Marine x3  
  153  14:45  Marauder x2, Marine x2  
  147  14:46  Marine  
  147  14:47  Marine  
  147  14:49  Marauder  
  147  14:53  Marauder  
  147  14:55  Widow Mine x2  
  151  15:00  Widow Mine  
  151  15:03  Marauder, Marine x2  
  115  15:30  Marauder x5  
  115  15:31  Marauder, Marine x2  
  127  15:39  Marine  
  122  15:43  Marine x2  
  122  15:49  Marine x4  
  125  15:50  Marine  
  125  15:51  Marine x3, Marauder  
  125  15:52  Marauder  
  125  15:55  Marine  
  125  15:57  Marine  
  119  16:00  Marine  
  119  16:01  Marine  
  120  16:07  Marine x5  
  122  16:14  Marine x7  
  128  16:18  Marine  
  128  16:21  Widow Mine x2  
  133  16:32  Marauder x2  
  126  16:33  Widow Mine  
  126  16:38  Marine, Medivac x2  
  127  16:42  Widow Mine  
  127  16:43  Marine  
  127  16:44  Marine x4  
  127  16:45  Marine x4  
  107  16:55  Marauder  
  107  16:59  Planetary Fortress  
  107  17:00  Marine, Marauder x3  
  114  17:05  Marine  
  114  17:07  Medivac  
  114  17:08  Medivac  
  115  17:14  Marauder x2, Marine x2  
  100  17:16  Marauder, Marine  
  100  17:17  Marine  
  100  17:20  Widow Mine, Marine  
  103  17:24  Marauder x2  
  103  17:28  Marauder  
  109  17:35  Marine x2, Marauder  
  109  17:36  Marauder  
  115  17:42  Marauder  
  117  17:45  Marine x2, Marauder  
  117  17:49  Orbital Command  
  114  17:52  Marine x5  
  114  17:55  Marine  
  109  18:11  Marauder x3  
  109  18:13  Marine  
  110  18:26  Marauder x2  
  102  18:38  Marauder  
  102  18:39  Marine  
  99  18:49  Marine x2  
  57  19:15  Marine  
  57  19:28  Widow Mine  
  56  19:35  Widow Mine  
  58  19:47  Widow Mine, Medivac  
  58  19:48  Marine  
  54  20:09  Marine x7  
  58  20:28  Marine x2  
  44  20:34  Widow Mine  
Tags
 
Add a new tag
Caveats
  • Supply blocks, unpowered buildings, or Contaminate may cause inaccurate times.
  • Supply counts are checked every 10 seconds.